 Dungeon Crawl Stone Soup version 0.30-a0-918-g0ff054e9dc (webtiles) character file.

Game seed: 10571414825688593427

1741 selver the Cleaver (level 9, -5/70 HPs)
             Began as a Hill Orc Fighter on Mar 21, 2023.
             Was an Initiate of Gozag.
             Killed from afar by a steam dragon (26 damage)
             ... with a ball of steam
             ... on level 7 of the Dungeon.
             The game lasted 00:10:16 (5410 turns).

selver the Cleaver (Hill Orc Fighter)               Turns: 5410, Time: 00:10:18

Health: -5/70      AC: 11    Str: 23    XL:     9   Next: 5%
Magic:  9/9        EV:  6    Int:  8    God:    Gozag
Gold:   257        SH:  4    Dex: 10    Spells: 8/8 levels left

rFire   . . .      SeeInvis .    a - +0 war axe
rCold   . . .      Faith    .    c - +0 buckler
rNeg    . . .      Spirit   .    f - +0 plate armour
rPois   .          Reflect  .    e - +0 hat
rElec   .          Rampage  .    (no cloak)
rCorr   .                        (no gloves)
Will    .....                    (no boots) Stlth
                                 (no amulet)
HPRegen 0.31/turn                (no ring)
MPRegen 0.11/turn                (no ring)

@: gold aura
A: no striking features
a: Renounce Religion, Potion Petition, Call Merchant, Bribe Branch


You were on level 7 of the Dungeon.
You worshipped Gozag.
Gozag was aware of your devotion.
You visited 2 branches of the dungeon, and saw 8 of its levels.

You collected 781 gold pieces.
You paid 524 gold pieces to Gozag.

Inventory:

Hand Weapons
 a - a +0 war axe (weapon)
Armour
 c - a +0 buckler (worn)
 e - a +0 hat (worn)
 f - a +0 plate armour (worn)
Wands
 d - a wand of flame (20)
Scrolls
 b - a scroll of acquirement {unknown}
 i - a scroll of immolation {unknown}
 j - a scroll of blinking {unknown}
 k - a scroll of fear {unknown}
 l - 3 scrolls of teleportation {unknown}
 m - 2 scrolls of amnesia {unknown}
 n - a scroll of silence {unknown}
 o - a scroll of noise {unknown}
 p - 4 scrolls of torment {unknown}
 r - a scroll of fog {unknown}
Potions
 g - 2 potions of attraction
 h - a potion of mutation
 q - a potion of magic
 s - 2 potions of flight


   Skills:
 - Level 3.6 Fighting
 + Level 14.6 Axes
 - Level 3.2 Armour
 - Level 3.2 Shields


You had 8 spell levels left.
You didn't know any spells.
Your spell library contained the following spells:

 Spells                   Type           Power      Damage    Failure   Level
 Beastly Appendage        Tmut           0%         N/A       100%        1
 Foxfire                  Conj/Fire      0%         2x1d4     100%        1
 Wereblood                Tmut           0%         N/A       100%        2
 Spider Form              Tmut/Pois      0%         N/A       100%        3
 Olgreb's Toxic Radiance  Pois           0%         N/A       100%        4
 Fireball                 Conj/Fire      0%         3d3       100%        5
 Starburst                Conj/Fire      0%         6d3       100%        6
 Ozocubu's Refrigeration  Ice            0%         4d7       100%        7
 Ignition                 Fire           0%         3d3       100%        8


Dungeon Overview and Level Annotations

Branches:
Dungeon (7/15)             Temple (1/1) D:6

Altars:
Cheibriados
Elyvilon
Fedhas
Gozag
Hepliaklqana
Kikubaaqudgha
Makhleb
Nemelex Xobeh
Okawaru
Ru
Sif Muna
Uskayaw
Wu Jian
Yredelemnul
Zin


Message History

The ball of steam hits you.
You hear an angry hiss.
You hit the steam dragon but do no damage.
The steam dragon is almost dead.
You slash the steam dragon!
You hear an angry hiss.
You block the steam dragon's attack.
The steam dragon claws you but does no damage.
The steam dragon breathes steam at you. The ball of steam hits you.
You closely miss the steam dragon.
The steam dragon is almost dead.
You barely miss the steam dragon.
You are engulfed in a cloud of scalding steam.
The steam dragon bites you. The steam dragon claws you.
* * * LOW HITPOINT WARNING * * *
The steam dragon bites you but does no damage.
The steam dragon claws you but does no damage.
Okay, then.
Okay, then.
You hit the steam dragon.
You kill the steam dragon!
You hit the steam dragon but do no damage.
You are engulfed in a cloud of scalding steam.
You have reached level 9!
Your experience leads to an increase in your attributes!
Increase (S)trength, (I)ntelligence, or (D)exterity?
You feel stronger. x2
You slash the steam dragon!
The steam dragon is severely wounded.
You are engulfed in a cloud of scalding steam.
The steam dragon is distracted by your dazzling golden aura.
You barely miss the steam dragon.
The steam dragon is no longer distracted by gold.
The steam dragon is severely wounded.
You hit the steam dragon. The steam dragon breathes steam at you.
The ball of steam hits you!!
You die...
Your body crumbles into a pile of gold.

# $ +## #...# #. ..#
####...## ..# ..# ...
.... ## ######### #..
...# D. #.§....# #.# #..#
#D #.#..#.# #.# #..### #.
#..##..###.###....#
#.#.#§#D@##..#........# #
#....o$D#..#.###.###..###
#######.)....)...# #.....
############ #.###.
#....< #####. #. .. #.


You could see 2 steam dragons and an orc.

Vanquished Creatures
  A steam dragon (D:7)
  A water moccasin (D:7)
  Duvessa (D:4)
  An ice beast (D:5)
  A black bear (D:5)
  3 ogres
  A centaur (D:5)
  A phantom (D:5)
  3 bullfrogs
  A scorpion (D:6)
  Dowan (D:4)
  An orc priest (D:3)
  A hound (D:5)
  2 jellies (D:4)
  5 iguanas
  2 sleepcaps
  Ijyb (D:5)
  An orc wizard (D:7)
  4 gnolls (D:5)
  12 adders
  3 ufetubi
  A worm (D:2)
  5 dart slugs
  11 orcs
  4 bats
  9 endoplasms
  4 giant cockroaches
  3 goblins
  7 hobgoblins
  4 jackals (D:1)
  A quokka (D:5)
  10 ball pythons
  2 frilled lizards
  7 kobolds
  4 rats
119 creatures vanquished.

Vanquished Creatures (others)
  4 fungi (D:2)
  3 plants (D:4)
7 creatures vanquished.

Grand Total: 126 creatures vanquished

Notes
Turn   | Place    | Note
-------+----------+-------------------------------------------
     0 | D:1      | selver the Hill Orc Fighter began the quest for the Orb.
     0 | D:1      | Reached XP level 1. HP: 19/19 MP: 1/1
    67 | D:1      | Reached skill level 3 in Axes
   160 | D:1      | Reached XP level 2. HP: 25/26 MP: 2/2
   167 | D:1      | Reached skill level 4 in Axes
   528 | D:1      | Reached XP level 3. HP: 31/31 MP: 3/3
   567 | D:1      | Reached skill level 5 in Axes
   774 | D:2      | Reached XP level 4. HP: 24/39 MP: 4/4
  1080 | D:2      | Identified the +8 quarterstaff "Hoyh Uxe" {flame, Fly rCorr
                  | Str+2 Int-5}
  1147 | D:2      | Reached skill level 6 in Axes
  1542 | D:2      | Found a faded altar of an unknown god.
  1757 | D:3      | Found a hide-covered altar of Uskayaw.
  1758 | D:3      | Found a sacrificial altar of Ru.
  1759 | D:3      | Found an ancient bone altar of Kikubaaqudgha.
  1760 | D:3      | Found an opulent altar of Gozag.
  1765 | D:3      | Became a worshipper of Gozag Ym Sagoz the Greedy
  1850 | D:3      | Reached XP level 5. HP: 45/45 MP: 5/5
  1947 | D:3      | Reached skill level 7 in Axes
  2069 | D:3      | Found a burning altar of Makhleb.
  2070 | D:3      | Found a glowing silver altar of Zin.
  2070 | D:3      | Noticed an angel
  2071 | D:3      | Noticed a blizzard demon
  2566 | D:4      | Reached skill level 8 in Axes
  2566 | D:4      | Reached XP level 6. HP: 49/51 MP: 6/6
  2586 | D:4      | Found a blossoming altar of Fedhas.
  2807 | D:4      | Noticed Duvessa
  2809 | D:4      | Noticed Dowan
  2811 | D:4      | Reached skill level 9 in Axes
  2817 | D:4      | Reached XP level 7. HP: 57/57 MP: 7/7
  2818 | D:4      | Killed Duvessa
  2819 | D:4      | Reached skill level 10 in Axes
  2826 | D:4      | Killed Dowan
  3165 | D:5      | Entered Level 5 of the Dungeon
  3178 | D:5      | Reached skill level 11 in Axes
  3281 | D:5      | Noticed Ijyb
  3296 | D:5      | Killed Ijyb
  3462 | D:5      | Reached XP level 8. HP: 36/64 MP: 8/8
  3759 | D:5      | Found a shimmering blue altar of Sif Muna.
  3785 | D:5      | Reached skill level 12 in Axes
  3964 | D:5      | Found a white marble altar of Elyvilon.
  4316 | D:6      | Found a staircase to the Ecumenical Temple.
  4323 | Temple   | Entered the Ecumenical Temple
  4475 | D:6      | Reached skill level 13 in Axes
  5324 | D:7      | Reached skill level 14 in Axes
  5409 | D:7      | Reached XP level 9. HP: 21/70 MP: 9/9
  5410 | D:7      | Killed from afar by a steam dragon

Illustrated notes

Levels and vault maps discovered:
D:1:      minmay_arrival_hallway, layout_basic
D:2:      layout_loops_ring, shapermc_ecumenical_altar_hornbeckon, minivault_5
D:3:      layout_basic, grunt_temple_overflow_order_and_chaos_2,
          mainiacjoe_overflow_alcove_3
D:4:      cheibrodos_old_hovel, layout_cave_pools, amcnicky_altar_gilded,
          uniq_duvessa
D:5:      layout_rooms, kennysheep_little_box, elyvilon_altar_3, uniq_ijyb
D:6:      layout_gridville, temple_green
D:7:      minmay_clustersquares, layout_loops_ring, centaur_isle,
          uniq_crazy_yiuf_cottage
Temple:   eino_temple_lava

Skill      XL: |  1  2  3  4  5  6  7  8 |
---------------+-------------------------+-----
Axes           | 3 4 5 6 8 9 11 14 | 14.6
Fighting       | |  3.6
Armour         | |  3.2
Shields        | |  3.2

Action                     |  1- 3 |  4- 6 |  7- 9 || total
---------------------------+-------+-------+-------++-------
  Melee: War axe           |    91 |   138 |   205 ||   434
 Invoke: Potion Petition   |       |       |     2 ||     2
  Evoke: Wand              |       |       |     3 ||     3
    Use: Potion            |       |     4 |     1 ||     5
         Scroll            |       |     4 |     3 ||     7
   Stab: Invisible         |       |       |     1 ||     1
         Distracted        |       |       |     1 ||     1
 Armour: Scale mail        |    30 |    52 |       ||    82
         Chain mail        |       |       |    78 ||    78
         Plate armour      |       |       |    32 ||    32
  Dodge: Dodged            |    60 |    61 |    56 ||   177
  Block: Buckler           |    16 |    33 |    29 ||    78

Table legend: (Time is in decaauts)
 A = Elapsed time spent in this place.
 B = Non-inter-level travel time spent in this place.
 C = Inter-level travel time spent in this place.
 D = Time resting spent in this place.
 E = Time spent auto-exploring this place.
 F = Levels seen in this place.
 G = Mean time per level.
                   A        B        C        D        E       F      G
               +--------+--------+--------+--------+--------+-----+--------+
         Total |   5469 |   5364 |    105 |    892 |   3434 |   8 |  683.6 |
       Dungeon |   5468 |   5363 |    105 |    892 |   3434 |   7 |  781.1 |
        Temple |      1 |      1 |      0 |      0 |      0 |   1 |    1.0 |
               +--------+--------+--------+--------+--------+-----+--------+

Top non-repeatable levels by time:
     D:5: 1062 daAuts
     D:6: 1056 daAuts
     D:3: 973 daAuts
     D:2: 954 daAuts
     D:1: 663 daAuts
     D:4: 649 daAuts
     D:7: 109 daAuts
  Temple: 1 daAuts
